 Dungeon Crawl Stone Soup version 0.31-a0-925-g0a390f2509 (webtiles) character file.

Game seed: 16878249223198076300

62 lunkers the Ruffian (level 4, -1/52 HPs)
             Began as a Meteoran Shapeshifter on Oct 18, 2023.
             Succumbed to Blork the orc's poison
             ... on level 6 of the Dungeon.
             The game lasted 00:02:39 (1094 turns).

lunkers the Ruffian (Meteoran Shapeshifter)         Turns: 1094, Time: 00:02:40

Health: -1/52      AC: 22    Str: 16    XL:     4   Next: 53%
Magic:  5/5        EV:  2    Int: 11    God:
Gold:   136        SH:  0    Dex: 15    Spells: 3/3 levels left

rFire   . .          .
                       - Unarmed
rCold   . . .        (no shield)
rNeg    . . .        a - melded +2 ring mail {Will+}
rPois   +            (helmet currently unavailable)
rElec   .            (cloak currently unavailable)
rCorr   .            (gloves currently unavailable)
SInv    .            (boots currently unavailable)
Will    .....        (no amulet)
Stlth   +            (no ring)
HPRegen 0.28/turn    (no ring)
MPRegen 0.09/turn

%: no passive effects
@: lethally poisoned (-1 -> -10), tree-form, glowing
A: stationary, stasis, torment immunity, boosted hp, sense surroundings 1,
otherworldly, glowing, explore regen
a: no special abilities


You were on level 6 of the Dungeon.
You were a tree.
You visited 1 branch of the dungeon, and saw 4 of its levels.

You collected 136 gold pieces.

Inventory:

Armour
 a - a +2 ring mail of willpower (melded)
 h - a +0 pair of boots
 l - a +3 ring mail
Jewellery
 g - an amulet of magic regeneration
Talismans
 c - a beast talisman
 d - a flux talisman
Wands
 j - a wand of roots (9)
Scrolls
 e - a scroll of teleportation {unknown}
 i - a scroll of revelation {unknown}
 k - 4 scrolls of immolation {unknown}
Potions
 f - 3 potions of cancellation {unknown}


   Skills:
 - Level 1.1 Fighting
 - Level 2.1 Dodging
 * Level 5.2 Unarmed Combat
 + Level 4.3 Shapeshifting


You had 3 spell levels left.
You didn't know any spells.
Your spell library contained the following spells:

 Spells                   Type           Power      Damage    Failure   Level
 Ensorcelled Hibernation  Hex/Ice        0%         N/A       47%         2
 Passwall                 Tmut/Erth      0%         N/A       47%         2
 Hailstorm                Conj/Ice       0%         3d3       71%         3
 Swiftness                Air            0%         N/A       71%         3
 Summon Ice Beast         Ice/Summ       0%         N/A       98%         4
 Summon Mana Viper        Hex/Summ       0%         N/A       100%        5
 Simulacrum               Ice/Necr       0%         N/A       100%        6
 Monstrous Menagerie      Summ           0%         N/A       100%        7


Dungeon Overview and Level Annotations

Branches:
Dungeon (3/15) Zot: 1310

Altars:


Innate Abilities, Weirdness & Mutations

You are a tree.
Your roots penetrate the ground, keeping you stationary.
You cannot be teleported.
You are immune to unholy pain and torment.
Your maximum health is greatly increased.
Your equipment is partially melded.
You passively map a small area around you.
You are easily found by Zot.
You glow in the dark.
You regain HP and MP as you explore.


Message History

Blork the orc is lightly wounded.
Blork the orc closely misses you.
You hit Blork the orc.
Blork the orc is lightly wounded.
Blork the orc hits you but does no damage.
Blork the orc hits you with a +2 halberd of venom!
* * * LOW HITPOINT WARNING * * *
You are poisoned.
You punch Blork the orc!
Blork the orc is heavily wounded.
You feel very sick. Blork the orc misses you.
Unknown command.
Okay, then.
Aiming: Fastroot
Press: ? - help, Shift-Dir - straight line, f - Blork the orc
Aim: Blork the orc, wielding a +2 halberd of venom and wearing a +0 robe (heavily wounded, fast)
The roots erupt in riotous growth!
Roots grab Blork the orc.
The grasping roots constrict Blork the orc.
You feel sick.
Blork the orc hits you with a +2 halberd of venom!
* * * LOW HITPOINT WARNING * * *
You are more poisoned.
Blork the orc barely misses you.
Unknown command.
Your transformation has ended.
You turn into a tree.
Your +2 ring mail of willpower melds into your body.
You feel less strong-willed.
Your roots penetrate the ground.
The grasping roots constrict Blork the orc.
* * * LOW HITPOINT WARNING * * *
You feel very sick.
The roots release their grip on Blork the orc.
Blork the orc casts a spell at you.
The magic dart hits you but does no damage.
Unknown command.
You pummel Blork the orc!!
You kill Blork the orc!
You die...

........# * * ........#,,
, ........# ,, * ,
........#####+# ,
............... ... # # *
#.#* , .... # #.####o# ,
........+ ...#)# ........#
* #.#♣# ........# ###
#.#.# ,,......... * ..
#.#.# ......#. #.*#.#.# *,
,.......
#.##.#.############+.#.
#....#......)..........
###############........#..
#.......#....##........#..
#.#####.#.##.####...##.###


You could see an orc.

Vanquished Creatures
  Blork the orc (D:6)
  A hound (D:6)
  An adder (D:2)
  An orc (D:6)
  4 ball pythons
  2 endoplasms
  3 giant cockroaches
  2 hobgoblins (D:2)
  A kobold (D:1)
  A quokka (D:1)
  A bat (D:1)
  A frilled lizard (D:2)
  3 rats
22 creatures vanquished.

Notes
Turn   | Place    | Note
-------+----------+-------------------------------------------
     0 | D:1      | lunkers the Meteoran Shapeshifter began the quest for the
                  | Orb.
     0 | D:1      | Reached XP level 1. HP: 16/16 MP: 2/2
   116 | D:1      | Reached skill level 4 in Unarmed Combat
   116 | D:1      | Reached XP level 2. HP: 17/23 MP: 3/3
   623 | D:2      | Reached XP level 3. HP: 28/28 MP: 4/4
   923 | D:3      | You fall into a shaft and drop 3 floors!
   959 | D:6      | Reached skill level 5 in Unarmed Combat
   959 | D:6      | Reached XP level 4. HP: 26/35 MP: 5/5
  1075 | D:6      | Noticed Blork the orc
  1093 | D:6      | HP: 1/52 [poisoned by Blork the orc]
  1094 | D:6      | Killed Blork the orc
  1094 | D:6      | Succumbed to Blork the orc's poison

Illustrated notes

Levels and vault maps discovered:
D:1:      ncdulo_watergridlock, layout_basic
D:2:      layout_basic
D:3:      layout_loops_cross
D:6:      layout_gridville, xom_butterflies, serial_shops,
          nicolae_shop_back_alley_shop, serial_co_window_serial,
          co_window_paths_a, co_window_paths_a, co_window_paths_b,
          co_window_corner_a, co_window_corner_a, co_window_unsneaky_path_a,
          co_window_unsneaky_path_a, co_window_paths_c, co_window_2corner,
          co_window_4corner_b, glass_columns_a, glass_columns_b,
          glass_columns_c, glass_columns_b, uniq_eustachio, uniq_blork_the_orc

Skill      XL: |  1  2  3 |
---------------+----------+-----
Unarmed Combat | 4 5 |  5.2
Shapeshifting  | 4 |  4.3
Fighting       | |  1.1
Dodging        | |  2.1

Action                     |  1- 3 |  4- 6 || total
---------------------------+-------+-------++-------
  Melee: Unarmed           |    63 |     6 ||    69
  Evoke: Wand              |       |     1 ||     1
    Use: Potion            |       |     1 ||     1
 Armour: Animal skin       |    14 |       ||    14
         Ring mail         |    15 |     9 ||    24
         Skin              |       |     1 ||     1
  Dodge: Dodged            |    47 |     6 ||    53

Table legend: (Time is in decaauts)
 A = Elapsed time spent in this place.
 B = Non-inter-level travel time spent in this place.
 C = Inter-level travel time spent in this place.
 D = Time resting spent in this place.
 E = Time spent auto-exploring this place.
 F = Levels seen in this place.
 G = Mean time per level.
                   A        B        C        D        E       F      G
               +--------+--------+--------+--------+--------+-----+--------+
         Total |   1089 |   1036 |     53 |      0 |    806 |   4 |  272.2 |
       Dungeon |   1089 |   1036 |     53 |      0 |    806 |   4 |  272.2 |
               +--------+--------+--------+--------+--------+-----+--------+

Top non-repeatable levels by time:
     D:2: 372 daAuts
     D:1: 330 daAuts
     D:3: 216 daAuts
     D:6: 169 daAuts
